 Seeded DCSS version 0.29.1-12-g30fa7ad0bf (webtiles) character file.

Game seed: 1 (custom seed)

1628 Kazon the Trooper (level 8, -6/64 HPs)
             Began as a Demonspawn Fighter on Dec 29, 2022.
             Killed by divine providence
             ... invoked by an orc priest
              (14 damage)
             ... on level 6 of the Dungeon.
             The game lasted 00:16:19 (3959 turns).

Kazon the Trooper (Demonspawn Fighter)              Turns: 3959, Time: 00:16:20

Health: -6/64      AC: 17    Str: 18    XL:     8   Next: 65%
Magic:  8/8        EV:  8    Int:  9    God:
Gold:   196        SH:  5    Dex: 12    Spells: 7/7 levels left

rFire   . . .      SeeInvis .   s - +3 falchion of Winter {venom, rCorr}
rCold   + . .      Faith    .   c - +0 buckler
rNeg    + + +      Spirit   .   o - +3 chain mail "Sikuegots" {rN+++ rCorr Str-2}
rPois   .          Reflect  .   k - +0 helmet
rElec   .          Harm     .   (no cloak)
rCorr   +          Rampage  .   (no gloves)
Will    .....                   m - +2 pair of boots
Stlth   ..........              f - amulet of the acrobat
HPRegen 0.20/turn               F - ring of protection from cold
MPRegen 0.11/turn               (no ring)

@: no status effects
A: claws 2, powered by death 1, spiny 1
a: no special abilities


You were on level 6 of the Dungeon.
You visited 1 branch of the dungeon, and saw 6 of its levels.

You collected 380 gold pieces.
You spent 184 gold pieces at shops.

Inventory:

Hand Weapons
 e - a +2 dagger of venom
 s - the +3 falchion of Winter (weapon) {venom, rCorr}
   (You bought it in a shop on level 3 of the Dungeon)

   It poisons the flesh of those it strikes.
   rCorr:     It protects you from acid and corrosion.
 z - a +1 long sword of protection
Missiles
 j - 9 stones (quivered)
 q - a throwing net
 x - 5 boomerangs
 D - 2 curare-tipped darts
Armour
 c - a +0 buckler (worn)
 k - a +0 helmet (worn)
 m - a +2 pair of boots (worn)
 o - the +3 chain mail "Sikuegots" (worn) {rN+++ rCorr Str-2}
   (You acquired it on level 1 of the Dungeon)

   Str:       It affects your strength (-2).
   rN:        It renders you almost immune to negative energy.
   rCorr:     It protects you from acid and corrosion.
Jewellery
 f - an amulet of the acrobat (around neck)
 F - a ring of protection from cold (left claw)
Wands
 B - a wand of flame (13)
 E - a wand of mindburst (20)
Scrolls
 i - 8 scrolls of identify
 n - 2 scrolls of immolation {unknown}
 p - a scroll of poison {unknown}
 r - a scroll of fog {unknown}
 t - a scroll of teleportation {unknown}
 v - a scroll of magic mapping {unknown}
 w - 2 scrolls of noise {unknown}
 y - a scroll of enchant weapon {unknown}
Potions
 a - 2 potions of ambrosia {unknown}
 b - 2 potions of haste {unknown}
 d - a potion of might
 g - a potion of flight {unknown}
 h - a potion of attraction {unknown}
 l - 2 potions of berserk rage {unknown}
 u - 3 potions of lignification {unknown}
 A - a potion of magic {unknown}
 C - a potion of cancellation {unknown}


   Skills:
 + Level 6.0 Fighting
 + Level 3.6(5.3) Short Blades
 + Level 5.9(6.4) Long Blades
 + Level 4.8 Throwing
 + Level 5.9 Armour
 + Level 3.8 Dodging
 + Level 4.0 Stealth
 + Level 5.4 Shields


You had 7 spell levels left.
You didn't know any spells.
Your spell library contained the following spells:

 Spells                   Type           Power      Damage    Failure   Level
 Apportation              Tloc           0%         N/A       99%         1
 Necrotise                Necr           0%         1d4       99%         1
 Sting                    Tmut/Pois      0%         1d3       99%         1
 Summon Small Mammal      Summ           0%         N/A       99%         1
 Poisonous Vapours        Pois/Air       0%         N/A       100%        2
 Olgreb's Toxic Radiance  Pois           0%         N/A       100%        4
 Fireball                 Conj/Fire      0%         3d3       100%        5
 Iskenderun's Battlesphe  Conj           0%         2d6       100%        5
 Conjure Ball Lightning   Conj/Air       0%         3x3d6     100%        6
 Orb of Destruction       Conj           0%         9d5       100%        7


Dungeon Overview and Level Annotations

Branches:
Dungeon (6/15)
 Temple: D:4-7

Altars:
Hepliaklqana

Shops:
D:3 (


Innate Abilities, Weirdness & Mutations

You have very sharp fingernails.
You regenerate a little health from kills.
You are partially covered in sharp spines.


Message History

The orc warrior is lightly wounded.
The orc warrior hits you but does no damage.
You hit the orc warrior but do no damage.
The orc warrior is poisoned.
The orc warrior is lightly wounded.
The orc priest mumbles some strange prayers to Beogh against you.
Beogh smites you!
The orc warrior is struck by your spines.
The orc warrior hits you with a +0 mace.
The orc warrior is struck by your spines.
The orc warrior hits you with a +0 mace.
You slash the orc warrior!
The orc warrior looks as sick as possible!
The orc warrior is severely wounded.
The orc warrior hits you but does no damage.
You hit the orc warrior but do no damage.
The orc warrior looks as sick as possible!
The orc warrior is almost dead.
You kill the orc warrior!
The orc priest calls down the wrath of Beogh upon you.
Beogh smites you!
* * * LOW HITPOINT WARNING * * *
The orc priest mumbles some strange prayers to Beogh against you.
Beogh smites you!
* * * LOW HITPOINT WARNING * * *
Items here: )) [[.
You barely miss the orc priest.
The orc priest is struck by your spines.
The orc priest barely misses you.
You hit the orc priest.
The orc priest is lightly wounded.
You hit the orc priest.
The orc priest is poisoned.
The orc priest is moderately wounded.
The orc priest calls down the wrath of Beogh upon you.
You are unaffected.
You barely miss the orc priest.
The orc priest is moderately wounded.
The orc priest invokes the aid of Beogh against you.
Beogh smites you!
You die...

##..#.#
.#
.....#..
###....#.
...)...
#....###
#......#
#..<##.##
#.o.....#
##@######
#.# #.#
#.# #.#
#.# #.#
#.# #.#


You could see an orc priest (very poisoned).

Vanquished Creatures
  Eustachio (D:5)
  Menkaure (D:5)
  A water moccasin (D:5)
  An orc warrior (D:6)
  A sky beast (D:5)
  2 centaurs (D:5)
  A necrophage (D:5)
  5 scorpions
  A howler monkey (D:5)
  A hound (D:4)
  An orc priest (D:3)
  3 iguanas
  Robin (D:3)
  6 gnolls
  8 adders
  An ufetubus (D:5)
  3 worms
  10 orcs
  11 endoplasms
  A giant cockroach (D:1)
  16 goblins
  9 hobgoblins
  A jackal (D:4)
  4 kobolds
  A quokka (D:1)
  5 ball pythons
  4 bats
  3 frilled lizards
  6 rats
109 creatures vanquished.

Notes
Turn   | Place    | Note
-------+----------+-------------------------------------------
     0 | D:1      | Kazon the Demonspawn Fighter began the quest for the Orb.
     0 | D:1      | Reached XP level 1. HP: 18/18 MP: 1/1
    35 | D:1      | Identified a scroll of acquirement
    35 | D:1      | Acquired the +3 chain mail "Sikuegots" {rN+++ rCorr Str-2}
   236 | D:1      | Gained mutation: You are partially covered in sharp spines.
                  | [demonic ancestry]
   236 | D:1      | Reached XP level 2. HP: 24/24 MP: 2/2
   856 | D:2      | Gained mutation: You regenerate a little health from kills.
                  | [demonic ancestry]
   856 | D:2      | Reached XP level 3. HP: 26/29 MP: 3/3
  1162 | D:2      | Reached XP level 4. HP: 29/35 MP: 4/4
  1339 | D:3      | Found Umat's Antique Weapon Boutique.
  1348 | D:3      | Bought a crude falchion for 184 gold pieces
  1348 | D:3      | Identified the +3 falchion of Winter {venom, rCorr} (You
                  | bought it in a shop on level 3 of the Dungeon)
  1659 | D:3      | Reached XP level 5. HP: 41/41 MP: 5/5
  1677 | D:3      | Noticed Robin
  1692 | D:3      | Killed Robin
  1781 | D:3      | Reached skill level 5 in Fighting
  1781 | D:3      | Reached skill level 5 in Armour
  1781 | D:3      | Reached skill level 5 in Shields
  1781 | D:3      | Reached XP level 6. HP: 51/51 MP: 6/6
  1984 | D:4      | Reached skill level 5 in Long Blades
  2329 | D:4      | Gained mutation: You have sharp fingernails. [demonic
                  | ancestry]
  2329 | D:4      | Reached XP level 7. HP: 57/57 MP: 7/7
  2380 | D:4      | Found a hazy altar of Hepliaklqana.
  2805 | D:5      | Entered Level 5 of the Dungeon
  2825 | D:5      | Noticed Menkaure
  2962 | D:5      | Killed Menkaure
  3221 | D:5      | Gained mutation: You have very sharp fingernails. [demonic
                  | ancestry]
  3221 | D:5      | Reached XP level 8. HP: 64/64 MP: 8/8
  3418 | D:5      | Noticed Eustachio
  3430 | D:5      | Killed Eustachio
  3550 | D:5      | Reached skill level 6 in Fighting
  3959 | D:6      | Killed from afar by an orc priest

Illustrated notes

Levels and vault maps discovered:
D:1:      dpeg_arrival_three_smaller_balls, layout_basic
D:2:      layout_loops_ring
D:3:      layout_basic, serial_shops, nicolae_shop_stone, st_stairs_9,
          minmay_misc_feat_doors, eino_curves_03, uniq_robin
D:4:      minmay_wonky_spiral, layout_basic,
          mainiacjoe_overflow_surrounded_room, minivault_5
D:5:      layout_cave_pods, uniq_menkaure, uniq_eustachio
D:6:      cheibrodos_barr_body, layout_basic, minmay_crystal_room,
          minmay_pentangle, uniq_maggie, uniq_edmund

Skill      XL: |  1  2  3  4  5  6  7  8 |
---------------+-------------------------+-----
Armour         | 3 5 |  5.9
Shields        | 3 5 |  5.4
Long Blades    | 2 3 4 5 |  5.9
Fighting       | 5 6 |  6.0
Short Blades   | 3 |  3.6
Throwing       | 3 4 |  4.8
Dodging        | 3 |  3.8
Stealth        | 3 4 |  4.0

Action                   |  1- 3 |  4- 6 |  7- 9 || total
-------------------------+-------+-------+-------++-------
Melee: Long sword        |    69 |       |       ||    69
       Dagger            |    15 |     6 |       ||    21
       Falchion          |       |    78 |    81 ||   159
Throw: Stone             |     2 |    26 |    21 ||    49
       Boomerang         |       |     4 |    32 ||    36
  Use: Scroll            |     1 |       |     1 ||     2
       Potion            |       |     1 |       ||     1
Armor: Scale mail        |    16 |       |       ||    16
       Chain mail        |    28 |    25 |    42 ||    95
Dodge: Dodged            |    43 |    34 |    28 ||   105
Block: Buckler           |    23 |    17 |    23 ||    63
